 Dungeon Crawl Stone Soup version 0.27.1-1-g398f81649c (webtiles) character file.

Game seed: 10139397721812911364

393 ZARRMARR the Sneak (level 6, -5/42 HPs)
             Began as an Octopode Brigand on Sept 8, 2021.
             Slain by a killer bee zombie (7 damage)
             ... on level 5 of the Dungeon.
             The game lasted 00:10:34 (2842 turns).

ZARRMARR the Sneak (Octopode Brigand)               Turns: 2842, Time: 00:10:35

Health: -5/42      AC:  1    Str: 11    XL:     6   Next: 81%
Magic:  8/9        EV: 13    Int: 15    God:
Gold:   117        SH:  0    Dex: 13    Spells: 8/9 levels left

rFire    . . .     SeeInvis .   a - +2 dagger
rCold    . . .     Faith    .   (no shield)
rNeg     . . .     Spirit   .   (helmet restricted)
rPois    .         Reflect  .   (no amulet)
rElec    .         Harm     .   (no ring)
rCorr    .         Rampage  .   (no ring)
Will     .....                  (no ring)
Stlth    ++++......             (no ring)
HPRegen  0.14/turn              (no ring)
MPRegen  0.11/turn              (no ring)
                                (no ring)
                                (no ring)

@: mighty, brilliant
A: almost no armour, amphibious, 8 rings, camouflage 1, gelatinous body 1,
(nimble swimmer 1), tentacles
a: no special abilities


You were on level 5 of the Dungeon.
You visited 1 branch of the dungeon, and saw 4 of its levels.

You collected 117 gold pieces.

Inventory:

Hand Weapons
 a - a +2 dagger (weapon)
Missiles
 b - 33 poisoned darts (quivered)
 c - 2 curare-tipped darts
Jewellery
 f - an amulet of faith
Scrolls
 d - a scroll of enchant weapon
 e - a scroll of immolation
 g - a scroll of amnesia {unknown}
 j - a scroll of noise {unknown}
 l - a scroll of teleportation {unknown}
 n - a scroll of vulnerability {unknown}
 o - a scroll of enchant armour {unknown}
Potions
 i - a potion of brilliance
 k - a potion of flight {unknown}
 m - a potion of degeneration {unknown}
 p - a potion of heal wounds {unknown}


   Skills:
 + Level 3.3 Fighting
 + Level 3.5 Short Blades
 - Level 2.0 Throwing
 + Level 2.8 Dodging
 + Level 6.6 Stealth
 + Level 2.1 Spellcasting
 + Level 2.1 Translocations


You had 8 spell levels left.
You knew the following spells:

 Your Spells              Type           Power      Damage    Failure   Level
c - Apportation           Tloc           24%        N/A       9%          1

Your spell library contained the following spells:

 Spells                   Type           Power      Damage    Failure   Level
 Animate Skeleton         Necr           4%         N/A       22%         1
 Corona                   Hex            2%         N/A       22%         1
 Summon Small Mammal      Summ           8%         N/A       22%         1
 Passwall                 Tmut/Erth      1%         N/A       32%         2
 Stone Arrow              Conj/Erth      4%         3d7       54%         3
 Swiftness                Air            2%         N/A       54%         3
 Bolt of Magma            Conj/Fire/Erth 1%         4d4       99%         5
 Invisibility             Hex            1%         N/A       100%        6
 Shatter                  Erth           1%         3d5*      100%        9


Dungeon Overview and Level Annotations

Branches:
Dungeon (3/15)

Altars:

Annotations:
D:3 Terence


Innate Abilities, Weirdness & Mutations

You cannot wear most types of armour.
You are amphibious.
You can wear up to eight rings at the same time.
Your skin changes colour to match your surroundings (Stealth+).
Your rubbery body absorbs attacks. (AC +1, EV +1)
((You are camouflaged near water. (Stealth+)))
You have tentacles for arms and can constrict up to eight enemies at once.


Message History

Dowan screams, "No!
Oh no!"
Dowan seems to find hidden reserves of power!
Your Spellcasting skill increases to level 2!
Your Translocations skill increases to level 2!
Dowan shouts!
You hit Dowan. You grab Dowan. You squeeze Dowan!
Dowan is heavily wounded.
You constrict Dowan. Dowan hits you with a +0 dagger.
You hit Dowan but do no damage. You squeeze Dowan.
Dowan is severely wounded.
You constrict Dowan. Dowan casts a spell at you. The stone arrow misses you.
You hit Dowan.
Dowan is almost dead.
You constrict Dowan.
The killer bee zombie closely misses you.
Dowan hits you with a +0 dagger.
The killer bee zombie barely misses you.
You hit Dowan but do no damage.
Dowan is almost dead.
You constrict Dowan.
You kill Dowan!
The killer bee zombie hits you.
* * * LOW HITPOINT WARNING * * *
It was a potion of brilliance.
You feel clever all of a sudden. The killer bee zombie misses you. x2
It was a potion of might.
You feel very mighty all of a sudden. The killer bee zombie hits you!
* * * LOW HITPOINT WARNING * * *
The killer bee zombie barely misses you.
Unknown command.
You barely miss the killer bee zombie. You grab the killer bee zombie.
You squeeze the killer bee zombie!
The killer bee zombie is heavily damaged.
You constrict the killer bee zombie, but do no damage.
The killer bee zombie hits you!
You die...

.>....# # .##...#.#
.##.#.#.####. ### #####
###.......... ... ....#.
###.####### #.# ..... #.#
#.##..#. ##.## #...... .
#...# # #.=Z#.# .. #...#
#.#?@$#.#..# #...#
#.).)......# #...#
#####.##.#..
####...#######...?...#...
.............#.##........
..........†.#............
.....................#...
####...##.##.........# ..
#...##.##.........# .


You could see a killer bee zombie.

Vanquished Creatures
  Duvessa (D:5)
  Dowan (D:5)
  A hound (D:5)
  An orc priest (D:3)
  Natasha (thrice) (D:3)
  3 adders
  A dart slug (D:3)
  A worm (D:2)
  3 orcs (D:3)
  5 endoplasms
  2 giant cockroaches
  5 goblins
  6 hobgoblins
  4 jackals (D:2)
  4 quokkas
  5 ball pythons
  9 bats
  6 frilled lizards
  2 kobolds
  4 rats
67 creatures vanquished.

Notes
Turn   | Place    | Note
-------+----------+-------------------------------------------
     0 | D:1      | ZARRMARR the Octopode Brigand began the quest for the Orb.
     0 | D:1      | Reached XP level 1. HP: 14/14 MP: 1/1
   133 | D:1      | Reached XP level 2. HP: 9/19 MP: 2/2
   321 | D:1      | Learned a level 1 spell: Apportation
   540 | D:1      | Reached XP level 3. HP: 23/25 MP: 3/3
   761 | D:1      | Found a faded altar of an unknown god.
  1476 | D:2      | Reached XP level 4. HP: 18/30 MP: 3/5
  1925 | D:3      | Noticed Natasha
  1930 | D:3      | Killed Natasha
  1931 | D:3      | Reached skill level 1 in Translocations
  1939 | D:3      | Reached skill level 1 in Spellcasting
  1946 | D:3      | Noticed Natasha
  1961 | D:3      | Killed Natasha
  1962 | D:3      | Reached skill level 6 in Stealth
  1962 | D:3      | Reached XP level 5. HP: 27/35 MP: 6/6
  1994 | D:3      | Noticed Natasha
  2156 | D:3      | Killed Natasha
  2511 | D:3      | Noticed Terence
  2693 | D:3      | You fall into a shaft and drop 2 floors!
  2693 | D:5      | Entered Level 5 of the Dungeon
  2766 | D:5      | Reached XP level 6. HP: 34/42 MP: 8/8
  2825 | D:5      | Noticed Dowan
  2827 | D:5      | Noticed Duvessa
  2834 | D:5      | Killed Duvessa
  2839 | D:5      | Killed Dowan
  2841 | D:5      | HP: 2/42 [killer bee zombie (7)]
  2842 | D:5      | Slain by a killer bee zombie

Illustrated notes

Levels and vault maps discovered:
D:1:      tarquinn_simple_flora_water_f, layout_rooms,
          dreamdust_ecumenical_altar_hidden_monk_grotto, serial_bayou_crossing
D:2:      layout_basic
D:3:      layout_basic, minmay_ruptured, uniq_crazy_yiuf_cottage, uniq_natasha,
          uniq_terence
D:5:      layout_loops_cross, cheibrodos_gnoll_hut, uniq_duvessa, uniq_grinder

Skill      XL: |  1  2  3  4  5  6 |
---------------+-------------------+-----
Translocations | 1 2 |  2.1
Spellcasting   | 1 2 |  2.1
Dodging        | 2 |  2.8
Stealth        | 6 |  6.6
Short Blades   | 3 |  3.5
Fighting       | 3 |  3.3
Throwing       | |  2.0

Action                   |  1- 3 |  4- 6 || total
-------------------------+-------+-------++-------
Melee: Dagger            |    83 |    70 ||   153
       Constrict         |    20 |    16 ||    36
       Tentacles         |    11 |    14 ||    25
Throw: Dart              |     1 |     1 ||     2
 Cast: Apportation       |     1 |       ||     1
  Use: Scroll            |       |     2 ||     2
       Potion            |       |     2 ||     2
 Stab: Sleeping          |    14 |     7 ||    21
Armor: Skin              |     5 |     4 ||     9
Dodge: Dodged            |    28 |    35 ||    63
